 Dungeon Crawl Stone Soup version 0.13-a0-2700-g8dc4729 (webtiles) character file.

206 Rycklaryybbe the Sneak (level 4, -2/30 HPs)
             Began as a Vampire Enchanter on Aug 16, 2013.
             Was an Initiate of Kikubaaqudgha.
             Slain by an orc
             ... wielding a -1,+0 orcish hand axe
              (7 damage)
             ... on Level 4 of the Dungeon.
             The game lasted 00:07:39 (3066 turns).

Rycklaryybbe the Sneak (Vampire Enchanter)          Turns: 3066, Time: 00:07:39

HP  -2/30        AC  3     Str  8      XL: 4   Next: 32%
MP   8/8         EV 11     Int 17      God: Kikubaaqudgha [......]
Gold 116         SH  7     Dex 14      Spells:  2 memorised,  2 levels left

Res.Fire  : . . .   See Invis. : +   e - -1,+0 dagger (curse)
Res.Cold  : + . .   Warding    : .   g - +1 elf robe
Life Prot.: + + .   Conserve   : .   l - +0 buckler
Res.Poison: +       Res.Corr.  : .   (no helmet)
Res.Elec. : .       Clarity    : .   (no cloak)
Sust.Abil.: . .     Spirit.Shd : .   (no gloves)
Res.Mut.  : .       Stasis     : .   (no boots)
Res.Rott. : +       Flight     : .   (no amulet)
Saprovore : . . .                    (no ring)
                                     (no ring)

@: regenerating slowly, slightly resistant to hostile enchantments, very
stealthy
A: fangs 3, see invisible, unbreathing
a: Bat Form, Renounce Religion


You were on level 4 of the Dungeon.
You worshipped Kikubaaqudgha.
Kikubaaqudgha was pleased with you.
You were very thirsty.

You visited 1 branch of the dungeon, and saw 4 of its levels.

You collected 96 gold pieces.

Inventory:

Hand weapons
 a - a +1,+1 dagger {=f}
 e - a cursed -1,+0 dagger (weapon)
Missiles
 b - 16 stones
 d - 12 darts (quivered)
 h - 4 needles of sleeping
 i - 7 javelins
Armour
 g - a +1 elven robe (worn)
 k - a +0 pair of gauntlets
 l - a +0 buckler (worn)
Magical devices
 s - a wand of confusion (15)
 y - a wand of paralysis (14)
Scrolls
 j - 2 scrolls of enchant weapon I {unknown}
 o - a scroll of identify {unknown}
 q - 2 scrolls of noise {unknown}
 u - a scroll of curse jewellery {unknown}
 w - 2 scrolls of fog {unknown}
 x - a scroll of remove curse {unknown}
 A - a scroll of random uselessness {unknown}
Potions
 f - 2 potions of flight {unknown}
 m - 3 potions of magic {unknown}
 n - a potion of slowing {unknown}
 p - a potion of cure mutation {unknown}
 r - a potion of resistance {unknown}
 t - a potion of invisibility {unknown}
 v - a potion of degeneration {unknown}
 z - a potion of restore abilities {unknown}
Books
 c - a book of Maledictions

   Spells                             Type                      Level
   *Corona                            Hexes                        1
   Sure Blade                         Hexes/Charms                 2
   *Ensorcelled Hibernation           Hexes/Ice                    2
   Confuse                            Hexes                        3
   Enslavement                        Hexes                        4
   Invisibility                       Hexes                        6


   Skills:
 - Level 1.1 Short Blades
 - Level 0.7 Throwing
 - Level 2.1 Dodging
 + Level 7.2 Stealth
 - Level 1.0 Spellcasting
 - Level 4.4 Hexes


You had 2 spell levels left.
You knew the following spells:

 Your Spells              Type           Power        Failure   Level  Hunger
a - Corona                Hex            ###....      4%          1    ##.....
b - Ensorcelled Hibernat  Hex/Ice        #.....       21%         2    ###....


Dungeon Overview and Level Annotations

Branches:
Dungeon (4/27)
 Temple: D:4-7

Altars:
Kikubaaqudgha
Okawaru


Innate Abilities, Weirdness & Mutations

You heal slowly.
You have razor-sharp teeth.*
You have supernaturally acute eyesight.
You can survive without breathing.*


Message History

Aiming: Ensorcelled Hibernation
Press: ? - help, Shift-Dir - straight line, f - orc
Aim: an orc, wielding an orcish hand axe (severely wounded)
You miscast Ensorcelled Hibernation.
You are very lightly contaminated with residual magic.
Your magical contamination has completely faded away.
The orc misses you.
There is a stone staircase leading up here.
Casting: Ensorcelled Hibernation
Confirm with . or Enter, or press ? or * to list all spells.
Aiming: Ensorcelled Hibernation
Press: ? - help, Shift-Dir - straight line, f/p - orc
Aim: an orc, wielding an orcish hand axe (heavily wounded)
Okay, then.
Use which ability? (? or * to list)
You fail to use your ability.
There is a stone staircase leading up here.
The orc hits you with an orcish hand axe!
You die...
Kikubaaqudgha rasps: "You have failed me!
Welcome... oblivion!"

######....#....#
#####....#.........#
########[.......#....#....#######
#........###.....................
#........# #.........#....####...
#......).# ##.##<....#....# #...
#........# #.##.###.###.## ###.
#........# #.##.# #.# #.# ...
#........####.##@###.###.#####.#.
#..............o............)....
#..(.....####.##.###.###.#####.#.
######.#.# #.##.# #.# #.# #.
#<#.# #.##.# #.# #.# #. #.#.#
#.##.# #.# #.# #.#.# #.##.# #.#
#.# #.# #.##.# #.# #.# #.# ..##.#
#.# #.#


You could see an orc.

Vanquished Creatures
  2 adders
  2 worms (D:3)
  A giant gecko (D:2)
  An orc (D:3)
  7 bats
  2 giant cockroaches
  5 hobgoblins
  6 jackals
  A quokka (D:3)
  3 giant newts
  9 goblins
  9 kobolds
  9 rats
57 creatures vanquished.

Vanquished Creatures (others)
  A human (D:3)
  A hound (D:4)
  A worm (D:4)
  2 orcs (D:4)
  A goblin (D:2)
6 creatures vanquished.

Grand Total: 63 creatures vanquished

Notes
Turn   | Place    | Note
--------------------------------------------------------------
     0 | D:1      | Rycklaryybbe, the Vampire Enchanter, began the quest for the Orb.
     0 | D:1      | Reached XP level 1. HP: 13/13 MP: 4/4
   147 | D:1      | Reached XP level 2. HP: 19/19 MP: 5/5
   412 | D:1      | Learned a level 2 spell: Ensorcelled Hibernation
   759 | D:2      | Reached skill level 5 in Stealth
  1094 | D:2      | Reached XP level 3. HP: 17/24 MP: 6/6
  1585 | D:3      | Reached skill level 6 in Stealth
  1615 | D:3      | Found an ancient bone altar of Kikubaaqudgha.
  1615 | D:3      | Noticed a human
  1619 | D:3      | Killed a human
  1619 | D:3      | Noticed a human zombie
  1644 | D:3      | Became a worshipper of Kikubaaqudgha
  2056 | D:3      | Reached XP level 4. HP: 27/30 MP: 0/8
  2574 | D:3      | Found an iron altar of Okawaru.
  2581 | D:3      | Reached skill level 7 in Stealth
  3066 | D:4      | Slain by an orc

Action                   |  1- 3 |  4- 6 || total
-------------------------+-------+-------++-------
Melee: Dagger            |   175 |    39 ||   214
 Cast: Ensorcelled Hiber |     2 |     2 ||     4
Evoke: Wand              |     1 |     2 ||     3
 Stab: Sleeping          |     9 |     4 ||    13
       Paralysed         |       |     1 ||     1
